 Dungeon Crawl Stone Soup version 0.30-a0-694-g3340775977 (webtiles) character file.

Game seed: 2525213332505732109

28 M4edhros the Firebug (level 3, 0/23 HPs)
             Began as an Octopode Wanderer on Jan 20, 2023.
             Slain by a river rat (1 damage)
             ... in a sewer.
             The game lasted 00:01:26 (690 turns).

M4edhros the Firebug (Octopode Wanderer)             Turns: 690, Time: 00:01:27

Health: 0/23       AC:  1    Str:  7 (10) XL:     3   Next: 14%
Magic:  5/5        EV: 12    Int: 15 (18) God:
Gold:   23         SH:  0    Dex:  9 (10) Spells: 4/4 levels left

rFire   . . .      SeeInvis .    a - +1 dagger
rCold   . . .      Faith    .    (no shield)
rNeg    . . .      Spirit   .    (helmet restricted)
rPois   .          Reflect  .    (no amulet)
rElec   .          Harm     .    (no ring)
rCorr   .          Rampage  .    (no ring)
Will    .....                    (no ring)
Stlth   ++                       (no ring)
HPRegen 0.23/turn                (no ring)
MPRegen 0.09/turn                (no ring)
                                 (no ring)
                                 (no ring)

@: attractive
A: almost no armour, amphibious, 8 rings, camouflage 1, gelatinous body 1,
(nimble swimmer 1), tentacles
a: no special abilities


You were in a sewer.
You visited 1 branch of the dungeon, and saw 3 of its levels.
You also visited: Sewer.

You collected 23 gold pieces.

Inventory:

Hand Weapons
 a - a +1 dagger (weapon)
Missiles
 b - 12 poisoned darts (quivered)
Scrolls
 c - 2 scrolls of teleportation
 e - 2 scrolls of enchant armour
 f - 2 scrolls of enchant weapon
 i - a scroll of identify {unknown}


   Skills:
 + Level 1.5 Fighting
 - Level 3.0 Throwing
 * Level 1.5 Dodging
 + Level 1.4 Spellcasting
 + Level 3.2 Fire Magic
 - Level 1.0 Earth Magic
 - Level 1.0 Invocations


You had 4 spell levels left.
You didn't know any spells.
Your spell library contained the following spells:

 Spells                   Type           Power      Damage    Failure   Level
 Scorch                   Fire           20%        2d6       10%         2
 Foxfire                  Conj/Fire      20%        2x1d5     12%         1
 Sandblast                Erth           8%         2d5       16%         1
 Kindle Blastsparks       Fire/Tloc/Air  8%         2d10      41%         3
 Stone Arrow              Conj/Erth      4%         3d7       50%         3


Dungeon Overview and Level Annotations

Branches:
Dungeon (3/15)              Sewer (1/1)

Altars:


Innate Abilities, Weirdness & Mutations

You cannot wear most types of armour.
You are amphibious.
You can wear up to eight rings at the same time.
Your skin changes colour to match your surroundings (Stealth+).
Your rubbery body absorbs attacks. (AC +1, EV +1)
((You are camouflaged when in or above water. (Stealth+)))
You have tentacles for arms and can constrict up to eight enemies at once.


Message History

The river rat bites you.
You aren't carrying any items that you can evoke.
It was a potion of degeneration.
There was something very wrong with that liquid.
You feel weakened.
You feel dopey.
You feel clumsy.
The river rat bites you but does no damage.
It was a potion of attraction.
You feel attractive to monsters. The river rat closely misses you.
It was a potion of heal wounds.
You feel much better. The river rat closely misses you.
The river rat is attracted toward you. x2
You hit the river rat. You grab the river rat.
The river rat is heavily wounded.
You constrict the river rat, but do no damage.
The river rat barely misses you. The river rat bites you.
You hit the river rat. Your grab misses the river rat.
You squeeze the river rat, but do no damage.
The river rat is lightly wounded.
You constrict the river rat, but do no damage.
The river rat closely misses you. The river rat completely misses you.
You hit the river rat. You grab the river rat.
The river rat is moderately wounded.
You constrict the river rat. x2; The river rat misses you.
The river rat barely misses you.
You hit the river rat but do no damage. Your grab misses the river rat.
You constrict the river rat, but do no damage.
You constrict the river rat. The river rat bites you. The river rat misses you.
The river rat bites you!
You closely miss the river rat. You grab the river rat.
You constrict the river rat, but do no damage.
You constrict the river rat. x2; The river rat bites you!
* * * LOW HITPOINT WARNING * * *
The river rat closely misses you. The river rat completely misses you.
You aren't carrying any potions.
Unknown command.
Okay, then.
You hit the river rat but do no damage. You squeeze the river rat.
You kill the river rat!
You constrict the river rat. x2; The river rat bites you.
You die...

###..~∩~~.###
#..~~.∩~~~~~###
~~...#####~~~..#
.~~# ###~~~## ..
##.~†# ~ #~~.#
##~.~# ###..~##
#@~.~~#
~..~.~†rr.###
#.~~~..~###
#########


You could see 2 river rats.

Vanquished Creatures
  2 river rats
  3 ball pythons
  An endoplasm (D:2)
  3 giant cockroaches
  2 quokkas (D:1)
  A goblin (D:1)
  2 kobolds (D:1)
  8 rats
22 creatures vanquished.

Vanquished Creatures (others)
  4 toadstools (D:1)
4 creatures vanquished.

Grand Total: 26 creatures vanquished

Notes
Turn   | Place    | Note
-------+----------+-------------------------------------------
     0 | D:1      | M4edhros the Octopode Wanderer began the quest for the Orb.
     0 | D:1      | M4edhros set off with the following items: a +0 dagger, 9
                  | poisoned darts, a scroll of teleportation; and the
                  | following spells available to memorise: Scorch, Foxfire,
                  | Sandblast, Kindle Blastsparks, Stone Arrow.
     0 | D:1      | Reached XP level 1. HP: 13/13 MP: 2/2
   269 | D:1      | Reached XP level 2. HP: 16/18 MP: 3/3
   426 | D:2      | Reached skill level 1 in Dodging
   587 | D:3      | Found a glowing drain.
   600 | D:3      | Reached XP level 3. HP: 7/23 MP: 3/5
   611 | Sewer    | Entered a sewer
   689 | Sewer    | HP: 1/23 [river rat (9)]
   690 | Sewer    | Slain by a river rat

Illustrated notes

Levels and vault maps discovered:
D:1:      onia_arrival_pyramid, layout_basic, minmay_gold_behind_fungi
D:2:      layout_basic, patterned_corridor
D:3:      layout_basic, kennysheep_slug_shrine, portal_sewer_entry_e,
          minmay_fractal_squares_diagonal_5, uniq_terence, uniq_natasha
Sewer:    sewer_hellmonk_bad_rat

Skill      XL: |  1  2 |
---------------+-------+-----
Dodging        | 1 |  1.5
Fighting       | |  1.5
Throwing       | |  3.0
Spellcasting   | |  1.4
Fire Magic     | |  3.2
Earth Magic    | |  1.0
Invocations    | |  1.0

Action                   || total
-------------------------++-------
Melee: Dagger            ||    54
       Constrict         ||    16
       Tentacles         ||    14
  Use: Scroll            ||     3
       Potion            ||     3
 Stab: Sleeping          ||     2
Armor: Skin              ||     4
Dodge: Dodged            ||    39

Table legend: (Time is in decaauts)
 A = Elapsed time spent in this place.
 B = Non-inter-level travel time spent in this place.
 C = Inter-level travel time spent in this place.
 D = Time resting spent in this place.
 E = Time spent auto-exploring this place.
 F = Levels seen in this place.
 G = Mean time per level.
                   A        B        C        D        E       F      G
               +--------+--------+--------+--------+--------+-----+--------+
         Total |    689 |    648 |     41 |     18 |    425 |   4 |  172.2 |
       Dungeon |    610 |    569 |     41 |      7 |    379 |   3 |  203.3 |
         Sewer |     78 |     78 |      0 |     11 |     46 |   1 |   78.0 |
               +--------+--------+--------+--------+--------+-----+--------+

Top non-repeatable levels by time:
     D:1: 288 daAuts
     D:2: 219 daAuts
     D:3: 102 daAuts
   Sewer: 78 daAuts
